 Dungeon Crawl Stone Soup version 0.21-a0-504-g2eda330 (webtiles) character file.

7296 Cricketeer the Cleaver (level 10, -1/141 HPs)
             Began as a Minotaur Berserker on Nov 27, 2017.
             Was a High Priest of Trog.
             Slain by an orc warrior
             ... wielding a +0 short sword
             ... led by an orc high priest
              (14 damage)
             ... on level 1 of the Orcish Mines.
             The game lasted 00:41:07 (9889 turns).

Cricketeer the Cleaver (Minotaur Berserker)         Turns: 9889, Time: 00:41:07

Health: -1/141     AC: 18    Str: 30    XL:     10   Next: 89%
Magic:  9/9        EV: 12    Int:  4    God:    Trog [*****.]
Gold:   213        SH:  0    Dex: 10    Spells: 9/9 levels left

rFire    . . .     SeeInvis .   b - +3 broad axe (elec)
rCold    . . .     Gourm    .   (no shield)
rNeg     . . .     Faith    .   R - +2 plate armour {MR+}
rPois    .         Spirit   .   (helmet restricted)
rElec    .         Reflect  .   s - +0 cloak
rCorr    .         Harm     .   (no gloves)
MR       +....                  (no boots)
Stlth    ..........             (no amulet)
HPRegen  0.33/turn              (no ring)
MPRegen  0.11/turn              (no ring)

@: berserking, very quick
A: retaliatory headbutt, horns 2
a: Berserk, Trog's Hand, Brothers in Arms, Burn Spellbooks, Renounce Religion


You were on level 1 of the Orcish Mines.
You worshipped Trog.
Trog was extremely pleased with you.
You were near starving.

You visited 2 branches of the dungeon, and saw 10 of its levels.
You also visited: Sewer and Ossuary.

You collected 507 gold pieces.
You spent 294 gold pieces at shops.

Inventory:

Hand Weapons
 a - the +9 hand axe "Sevi" {speed, Dex+3 SInv Stlth+}
   (You bought it in a shop on level 8 of the Dungeon)

   Attacks with this weapon are significantly faster.
   It affects your dexterity (+3).
   It lets you see invisible.
   It makes you more stealthy.
 b - a +3 broad axe of electrocution (weapon)
 p - a +1 vampiric war axe
 E - a +6 quick blade
 N - a +4 fustibalus of freezing
Armour
 s - a +0 cloak (worn)
 R - a +2 plate armour of magic resistance (worn)
Jewellery
 t - an uncursed amulet of rage {unknown}
 u - an uncursed ring of ice {unknown}
 C - an uncursed ring of protection from fire {unknown}
 Q - a +4 ring of intelligence {unknown}
 U - an uncursed ring of poison resistance {unknown}
Wands
 e - a wand of enslavement (8)
 y - a wand of paralysis (9)
 O - a wand of scattershot (3)
 V - a wand of digging (5)
Scrolls
 g - a scroll of remove curse
 h - 6 scrolls of blinking
 i - 2 scrolls of noise {unknown}
 m - 3 scrolls of fog
 q - a scroll of fear {unknown}
 v - 2 scrolls of enchant weapon {unknown}
 w - 8 scrolls of identify
 D - 2 scrolls of random uselessness {unknown}
 F - 3 scrolls of amnesia {unknown}
 G - 5 scrolls of teleportation
 I - a scroll of brand weapon {unknown}
 K - a scroll of summoning {unknown}
 P - a scroll of enchant armour {unknown}
 T - 2 scrolls of immolation
 X - a scroll of vulnerability {unknown}
 Y - a scroll of magic mapping {unknown}
Potions
 d - 14 potions of curing {unknown}
 j - 5 potions of might {unknown}
 k - 7 potions of heal wounds {unknown}
 l - 3 potions of degeneration {unknown}
 n - a potion of brilliance {unknown}
 o - 4 potions of agility {unknown}
 r - 2 potions of flight {unknown}
 x - a potion of invisibility {unknown}
 A - 3 potions of magic {unknown}
 H - a potion of ambrosia {unknown}
 J - a potion of berserk rage {unknown}
 L - a potion of cancellation {unknown}
 M - 2 potions of lignification {unknown}
Comestibles
 c - 5 bread rations
 f - 8 meat rations
 z - 5 fruits
 B - 10 royal jellies


   Skills:
 + Level 10.6 Fighting
 + Level 10.7 Axes
 + Level 10.3 Armour
 + Level 9.5 Dodging


You had 9 spell levels left.
You didn't know any spells.

Dungeon Overview and Level Annotations

Branches:
Dungeon (9/15)             Temple (0/1) D:4             Orc (1/2) D:9
   Lair: D:8-11

Altars:
Ashenzari
Cheibriados
Dithmenos
Fedhas
Gozag
Hepliaklqana
Nemelex Xobeh
Okawaru
Sif Muna
Uskayaw
Xom
Yredelemnul

Shops:
D:8 [(}?   D:9 %?


Innate Abilities, Weirdness & Mutations

You reflexively headbutt those who attack you in melee.
You have a pair of horns on your head.


Message History

The weapon returns to the orc warrior!
A warg comes into view.
You closely miss the orc warrior. Your headbutt misses the orc warrior.
You barely miss the orc warrior. You closely miss the orc.
The orc warrior closely misses you.
The orc warrior throws a tomahawk of returning.
The tomahawk of returning hits you.
* * * LOW HITPOINT WARNING * * *
The weapon returns to the orc warrior!
An orc high priest comes into view. It is wielding a battleaxe.
You hit the orc warrior.
The orc warrior is lightly wounded.
You slash the orc warrior! You slash the orc!
You feel the power of Trog in you as your rage grows.
You kill the orc!
Trog accepts your kill.
You slash the orc warrior!
Lightning courses through the orc warrior!
The orc warrior hits you with a short sword!
You die...

.........##
#.........####
###.........#.#
##.............
#....>....o..#.#.
#....o....$.#....
#......)(....#...
........<.$......
#......@).....$.#
#.....ooo........
.....#....#.#...#
#........#......#
.....#.o..#......
.....##o.###.....
#... .h.. ...$
.#. .o.. ..


You could see an orc high priest, a warg, 6 orc warriors and an orc priest.

Vanquished Creatures
  A two-headed ogre (D:9)
  Grinder (D:4)
  A hippogriff (D:8)
  A human (D:9)
  A wyvern (D:8)
  4 hogs (D:9)
  Menkaure (Ossuary)
  Eustachio (D:5)
  Edmund (D:6)
  9 orc warriors
  3 ice beasts
  3 phantoms
  A necrophage (D:8)
  2 ogres (D:9)
  2 sky beasts
  A crocodile (D:9)
  2 centaurs
  An elf zombie (Ossuary)
  3 big kobolds
  7 bullfrogs
  A scorpion (D:9)
  8 wights
  4 howler monkeys
  2 crimson imps
  2 bullfrog zombies
  A centaur zombie (Ossuary)
  3 hounds
  3 jellies (D:8)
  9 orc priests
  2 bullfrog skeletons
  6 orc wizards
  Natasha (D:4)
  A centaur skeleton (D:6)
  An iguana (D:5)
  6 worker ants
  A big kobold zombie (Ossuary)
  4 ogre zombies (Ossuary)
  6 mummies (Ossuary)
  A hound zombie (D:8)
  A worker ant zombie (D:9)
  6 river rats (Sewer)
  14 adders
  A shadow imp (D:6)
  2 oozes (D:4)
  3 adder zombies (Ossuary)
  2 adder skeletons
  3 worms
  3 dart slugs
  8 leopard geckos
  49 orcs
  9 giant cockroaches
  11 goblins
  13 hobgoblins
  4 jackals (D:3)
  37 kobolds
  5 quokkas
  8 ball pythons
  9 bats
  7 frilled lizards
  6 goblin zombies (Ossuary)
  2 hobgoblin zombies (Ossuary)
  A kobold zombie (Ossuary)
  A leopard gecko skeleton (D:5)
  4 quokka zombies (Ossuary)
  25 rats
  7 rat zombies (Ossuary)
349 creatures vanquished.

Notes
Turn   | Place    | Note
-------+----------+-------------------------------------------
     0 | D:1      | Cricketeer the Minotaur Berserker began the quest for the Orb.
     0 | D:1      | Reached XP level 1. HP: 19/19 MP: 0/0
    94 | D:1      | Reached XP level 2. HP: 18/27 MP: 1/1
   687 | D:1      | Reached XP level 3. HP: 33/33 MP: 2/2
   971 | D:2      | Reached ** piety under Trog
  1090 | D:2      | Found a blossoming altar of Fedhas.
  1091 | D:2      | Found an iron altar of Okawaru.
  1141 | D:2      | Reached XP level 4. HP: 40/40 MP: 3/3
  1157 | D:2      | Found a shimmering altar of Xom.
  1913 | D:3      | Noticed a sky beast
  1923 | D:3      | Killed a sky beast
  1923 | D:3      | Reached XP level 5. HP: 29/47 MP: 4/4
  2061 | D:3      | Reached skill level 5 in Fighting
  2069 | D:3      | Reached skill level 5 in Axes
  2277 | D:3      | Found a glowing drain.
  2282 | Sewer    | Entered a sewer
  2305 | Sewer    | Reached XP level 6. HP: 56/56 MP: 5/5
  2333 | Sewer    | Reached *** piety under Trog
  2786 | Sewer    | Reached **** piety under Trog
  3633 | D:4      | Found a hide-covered altar of Uskayaw.
  3767 | D:4      | Noticed Grinder
  3774 | D:4      | Reached skill level 5 in Armour
  3785 | D:4      | Reached XP level 7. HP: 49/62 MP: 6/6
  3793 | D:4      | Paralysed by Grinder for 3 turns
  3799 | D:4      | Paralysed by Grinder for 3 turns
  3810 | D:4      | Paralysed by Grinder for 4 turns
  3816 | D:4      | Killed Grinder
  3816 | D:4      | Reached skill level 5 in Dodging
  4301 | D:4      | Found a staircase to the Ecumenical Temple.
  4594 | D:4      | Noticed Natasha
  4601 | D:4      | Killed Natasha
  4637 | D:4      | Found a sparkling altar of Nemelex Xobeh.
  4719 | D:5      | Entered Level 5 of the Dungeon
  4761 | D:5      | Reached XP level 8. HP: 60/71 MP: 7/7
  4826 | D:5      | Noticed Eustachio
  4862 | D:5      | Killed Eustachio
  4953 | D:5      | Found a sparkling altar of Nemelex Xobeh.
  5113 | D:5      | Found a sand-covered staircase.
  5118 | Ossuary  | Entered an ossuary
  5247 | Ossuary  | Reached ***** piety under Trog
  5494 | Ossuary  | Received a gift from Trog
  5613 | Ossuary  | Noticed Menkaure
  5625 | Ossuary  | Killed Menkaure
  6350 | D:6      | Reached XP level 9. HP: 81/81 MP: 8/8
  6602 | D:6      | Found a hazy altar of Hepliaklqana.
  6602 | D:6      | Found a deep blue altar of Sif Muna.
  6723 | D:6      | Found a shadowy altar of Dithmenos.
  6735 | D:6      | Found a basalt altar of Yredelemnul.
  6828 | D:6      | Found a snail-covered altar of Cheibriados.
  6828 | D:6      | Noticed Edmund
  6843 | D:6      | Killed Edmund
  7287 | D:7      | Found a snail-covered altar of Cheibriados.
  7492 | D:7      | Found an opulent altar of Gozag.
  7956 | D:8      | Found Igeniv's Gadget Emporium.
  8113 | D:8      | Found Guizyan's Magic Scroll Emporium.
  8150 | D:8      | Bought a scroll of immolation for 42 gold pieces
  8150 | D:8      | Bought a scroll of teleportation for 36 gold pieces
  8269 | D:8      | Found Opoibli's Antique Weapon Emporium.
  8316 | D:8      | Bought a twisted hand axe for 160 gold pieces
  8339 | D:8      | Identified the +9 hand axe "Sevi" {speed, Dex+3 SInv Stlth+} (You bought it in a shop on level 8 of the Dungeon)
  8409 | D:8      | Received a gift from Trog
  8511 | D:8      | Found Wolixoce's Antique Armour Shoppe.
  8517 | D:8      | Reached XP level 10. HP: 91/91 MP: 9/9
  8776 | D:9      | Noticed a two-headed ogre
  8785 | D:9      | Killed a two-headed ogre
  8885 | D:9      | Found a shattered altar of Ashenzari.
  9045 | D:9      | Reached skill level 10 in Axes
  9048 | D:9      | Reached skill level 10 in Fighting
  9173 | D:9      | Found Wil Keczawu's Magic Scroll Shoppe.
  9232 | D:9      | Bought 2 scrolls of identify for 56 gold pieces
  9240 | D:9      | Reached skill level 10 in Armour
  9274 | D:9      | Found Aphad's Food Boutique.
  9376 | D:9      | HP: 4/94 [orc warrior/glaive (11)]
  9763 | D:9      | Received a gift from Trog
  9786 | D:9      | Found a staircase to the Orcish Mines.
  9838 | Orc:1    | Entered Level 1 of the Orcish Mines
  9889 | Orc:1    | Noticed an orc high priest
  9889 | Orc:1    | Slain by an orc warrior

Vault maps used:
D:1:      minmay_arrival_stair_chambers
D:2:      tgw_xom, gammafunk_temple_overflow_pools, minmay_misc_feat_ornament
D:3:      gup_sewer_entry_bowl, moated_statue
D:4:      eat_drink_and_be_merry_uskayaw, minmay_temple_entry_statues_fountains,
          first_bread, nemelex_dance_club_becter, uniq_natasha, uniq_grinder
D:5:      nemelex_xobeh_ov_fountains_minmay, enter_ossuary_5,
          minmay_misc_feat_square, uniq_eustachio
D:6:      gammafunk_temple_overflow_elements, grunt_dithmenos_smoke,
          old_standard_altar, basic_altar, uniq_edmund
D:7:      old_standard_altar, lemuel_crystal_altar
D:8:      serial_shops, nicolae_shop_statue_plus, shop,
          nicolae_shop_behind_doors, nicolae_shop_waterfront
D:9:      cheibrodos_ashenzari_chains, erik_orc_2, serial_shops,
          nicolae_shop_competitors_out_of_business, kennysheep_little_box, shop,
          shop_statue, grunt_ministairs_15, grunt_livestock, minivault_13
Orc:1:    serial_shops, shop_statue, mines4_lemuel
Sewer:    sewer_minmay_treatment
Ossuary:  ossuary_boxes_badplayer

Skill      XL: |  1  2  3  4  5  6  7  8  9 10 |
---------------+-------------------------------+-----
Axes           | 4 5 6 7 9 10 | 10.7
Fighting       | 4 5 6 7 9 10 | 10.6
Armour         | 3 4 5 6 7 9 10 | 10.3
Dodging        | 3 4 5 6 8 9 |  9.5

Action                   |  1- 3 |  4- 6 |  7- 9 | 10-12 || total
-------------------------+-------+-------+-------+-------++-------
Melee: Hand axe          |    70 |   213 |   447 |     4 ||   734
       Headbutt          |     7 |    39 |   100 |    22 ||   168
       Battleaxe         |       |       |     7 |       ||     7
       Broad axe         |       |       |       |   119 ||   119
Invok: Berserk           |       |     1 |    12 |     3 ||    16
  Use: Scroll            |       |       |     3 |       ||     3
  Eat: Chunk             |     1 |     9 |     8 |     3 ||    21
       Royal jelly       |       |       |     1 |       ||     1
       Meat ration       |       |       |     2 |       ||     2
       Bread ration      |       |       |     2 |       ||     2
Armor: Animal skin       |     6 |       |       |       ||     6
       Chain mail        |    65 |   148 |    17 |       ||   230
       Scale mail        |       |       |    66 |       ||    66
       Plate armour      |       |       |    88 |    68 ||   156
Dodge: Dodged            |    70 |   135 |   196 |    85 ||   486

Table legend:
 A = Spawn XP
 B = Non-spawn XP
 C = Spawn XP percentage of total XP
 D = Spawn monster count
 E = Non-spawn monster count
 F = Spawn count percentage of total count
 G = Total turns spent on level
                    A         B        C        D         E        F      G
               +---------+---------+-------+---------+---------+-------+---------
         Total |       0 |   10423 |   0.0 |       0 |     349 |   0.0 |  9889
               +---------+---------+-------+---------+---------+-------+---------
           D:1 |       0 |      44 |   0.0 |       0 |      22 |   0.0 |   841
           D:2 |       0 |      84 |   0.0 |       0 |      29 |   0.0 |   889
           D:3 |       0 |     279 |   0.0 |       0 |      38 |   0.0 |  1228
           D:4 |       0 |     759 |   0.0 |       0 |      22 |   0.0 |  1089
           D:5 |       0 |     703 |   0.0 |       0 |      27 |   0.0 |   944
           D:6 |       0 |    1063 |   0.0 |       0 |      24 |   0.0 |   808
           D:7 |       0 |     523 |   0.0 |       0 |      10 |   0.0 |   607
           D:8 |       0 |    1552 |   0.0 |       0 |      26 |   0.0 |   988
           D:9 |       0 |    4564 |   0.0 |       0 |      62 |   0.0 |  1135
         Orc:1 |       0 |      12 |   0.0 |       0 |       4 |   0.0 |    17
         Sewer |       0 |     242 |   0.0 |       0 |      48 |   0.0 |   672
       Ossuary |       0 |     598 |   0.0 |       0 |      37 |   0.0 |   671
               +---------+---------+-------+---------+---------+-------+---------
